 Dungeon Crawl Stone Soup version 0.31-a0-986-g5e6e4ef867 (webtiles) character file.

Game seed: 2851237515155734782

63 Sanktem7 the Trooper (level 3, -1/33 HPs)
             Began as a Minotaur Fighter on Nov 10, 2023.
             Frozen to death by an endoplasm (5 damage)
             ... on level 3 of the Dungeon.
             The game lasted 00:01:51 (1849 turns).

Sanktem7 the Trooper (Minotaur Fighter)             Turns: 1849, Time: 00:01:52

Health: -1/33      AC:  9    Str: 22    XL:     3   Next: 87%
Magic:  2/2        EV:  8    Int:  5    God:
Gold:   123        SH:  4    Dex:  9    Spells: 2/2 levels left

rFire   . . .        a - +0 war axe {axe}
rCold   . . .        c - +0 buckler
rNeg    . . .        j - +0 chain mail
rPois   .            (helmet restricted)
rElec   .            (no cloak)
rCorr   .            (no gloves)
SInv    .            (no boots)
Will    .....        (no amulet) Stlth
                     (no ring)
HPRegen 0.25/turn    (no ring)
MPRegen 0.08/turn

%: no passive effects
@: no status effects
A: horns 2, retaliatory headbutt
a: no special abilities


You were on level 3 of the Dungeon.
You visited 1 branch of the dungeon, and saw 3 of its levels.

You collected 123 gold pieces.


Innate Abilities, Weirdness & Mutations

You have a pair of horns on your head.
You reflexively headbutt those who attack you in melee.


   Skills:
 + Level 4.1 Fighting
 * Level 3.6 Axes
 + Level 1.2 Throwing
 + Level 4.0 Armour
 + Level 4.0 Shields


You had 2 spell levels left.
You didn't know any spells.
Your spell library was empty.

Inventory:

Hand Weapons
 a - a +0 war axe (weapon) {axe}
 r - a +2 dagger of electrocution {short}
   (You took it off a kobold on level 2 of the Dungeon)
Missiles
 e - 36 stones {throwing}
 l - 5 poisoned darts {throwing}
 s - 5 boomerangs {throwing}
Armour
 c - a +0 buckler (worn)
 j - a +0 chain mail (worn)
   (You found it on level 2 of the Dungeon)
 k - the +3 ring mail "Gogox" {Rampage Int+2}
   (You found it on level 2 of the Dungeon)

   Int+2:     It affects your intelligence (+2).
   Rampage:   It bestows one free step when moving towards enemies.
Magical Staves
 h - a staff of fire {!astaff}
   (You found it on level 1 of the Dungeon)
 q - a staff of poison {!astaff}
   (You found it on level 2 of the Dungeon)
Jewellery
 u - a +6 ring of dexterity
   (You found it on level 2 of the Dungeon)
 w - a ring of positive energy
   (You found it on level 2 of the Dungeon)
Scrolls
 g - 2 scrolls of identify {unknown}
 m - a scroll of blinking {unknown}
 n - a scroll of poison {unknown}
 p - 2 scrolls of fear {unknown}
 t - a scroll of butterflies {unknown}
 x - a scroll of enchant weapon {unknown}
Potions
 b - a potion of magic {unknown}
 d - a potion of might
 f - a potion of degeneration {unknown}
 i - a potion of resistance {unknown}
 o - 2 potions of curing {unknown}
 v - a potion of invisibility {unknown}

Dungeon Overview and Level Annotations

Branches:
Dungeon (3/15) Zot: 16116

Altars:

Shops:
D:2

: .. ... ######.♣
#......♣ ###....♣♣♣.♣
##.').......
#..#..J.♣♣♣
#####.##..@..$♣
#######......######.♣
.....##......# .
.....##......#
.........###.#
.†...........#
......########
.##..#.... ###.##.###


You could see an endoplasm.


Message History

You kill the jackal!
You barely miss the jackal.
The jackal bites you but does no damage.
You block the jackal's attack.
The jackal bites you but does no damage.
You slash the jackal!
You kill the jackal!
You slash the jackal!
You kill the jackal!
The jackal completely misses you. 😕 HP[+1]
You closely miss the jackal.
The jackal bites you but does no damage.
The jackal bites you. 😕 HP[-1]
You take 1 damage, and now have 30/33 hp.
You barely miss the jackal. You headbutt the jackal.
You kill the jackal!
No target in view!
No target in view!
No target in view!
No target in view!
No target in view!
Things that are here:
a +0 club {mace}; a jackal corpse; a goblin corpse
Things that are here:
a jackal corpse; a jackal corpse
Found a stone staircase leading down. 😎 HP[+3]
Your hp is fully restored (33).
There is a stone staircase leading down here.
Found an escape hatch in the ceiling.
A frilled lizard comes into view.
The frilled lizard hisses angrily.
A frilled lizard is nearby!
You closely miss the frilled lizard. You headbutt the frilled lizard.
You kill the frilled lizard!
No target in view!
No target in view!
No target in view!
No target in view!
No target in view!
Unknown command.
No target in view!
g - 2 scrolls labelled HACLAO HENU ERPH (gained 1)
x - a scroll labelled JEMNEPR ATZATILI No target in view!
You open the door.
Grinder and a goblin come into view.
Grinder shouts!
The goblin shouts!
Grinder gestures at you.
You suddenly lose the ability to move!
Grinder gestures at you.
You shrug off the repeated paralysis!
You can move again.
Grinder gestures at you.
You shrug off the repeated paralysis!
There is an open door here.
You slash Grinder! You hit the goblin. Grinder gestures at you.
Pain shoots through your body!
The goblin hits you with a +0 dagger. 😮 HP[-9]
You take 9 damage, and now have 24/33 hp.
MASSIVE DAMAGE!! (PAUSE)
You closely miss Grinder. You hit the goblin.
You kill the goblin!
Grinder blinks!
An endoplasm comes into view.
Grinder gestures at you. Pain shoots through your body! 😮 HP[-7]
You take 7 damage, and now have 17/33 hp.
MASSIVE DAMAGE!! (PAUSE)
The endoplasm quivers.
Grinder gestures at you. You resist with significant effort. Grinder hits you!
* * * LOW HITPOINT WARNING * * *
😨 HP[-8]
You take 8 damage, and now have 9/33 hp.
MASSIVE DAMAGE!! (PAUSE)
You closely miss Grinder.
Grinder blinks! 😨 HP[+1] Unknown command.
You slash Grinder! Your headbutt misses Grinder. You block Grinder's attack.
You slash Grinder! You headbutt Grinder. Grinder closely misses you.
Grinder hits you.
* * * LOW HITPOINT WARNING * * *
The endoplasm freezes you.
You are frozen.
* * * LOW HITPOINT WARNING * * *
😱 HP[-7]
You take 7 damage, and now have 3/33 hp.
MASSIVE DAMAGE!! (PAUSE)
You slash Grinder!
You kill Grinder!
You hit the endoplasm. The endoplasm freezes you.
You are frozen.
You die...

Skill      XL: |  1  2  3 |
---------------+----------+-----
Axes           | 3 |  3.6
Fighting       | 4 |  4.1
Throwing       | 1 |  1.2
Shields        | 4 |  4.0
Armour         | 4 |  4.0

Action                     || total
---------------------------++-------
  Melee: War axe           ||    90
         Headbutt          ||    11
 Armour: Scale mail        ||    11
         Chain mail        ||    50
  Dodge: Dodged            ||    30
  Block: Buckler           ||    21

Levels and vault maps discovered:
D:1:      dpeg_arrival_leaves_temple_mockup, layout_loops_cross,
          shapermc_ecumenical_altar_mp_ritualfount
D:2:      kennysheep_six_static_rooms, layout_loops_corners, serial_shops, shop
D:3:      layout_basic, kennysheep_minor_cross, uniq_ijyb, uniq_grinder

Notes
Turn   | Place    | Note
-------+----------+-------------------------------------------
     0 | D:1      | Sanktem7 the Minotaur Fighter began the quest for the Orb.
     0 | D:1      | Reached XP level 1. HP: 19/19 MP: 0/0
     0 | D:1      | magus.rc [v1.9.6]
   264 | D:1      | Found a faded altar of an unknown god.
   308 | D:1      | Reached XP level 2. HP: 27/27 MP: 1/1
   663 | D:2      | Reached skill level 3 in Axes
   762 | D:2      | Identified the +3 ring mail "Gogox" {Rampage Int+2}
   814 | D:2      | Found Ehol's Book Shoppe.
  1019 | D:2      | Reached XP level 3. HP: 32/33 MP: 2/2
  1050 | D:2      | Reached skill level 4 in Fighting
  1050 | D:2      | Reached skill level 1 in Throwing
  1129 | D:2      | Reached skill level 4 in Shields
  1134 | D:2      | Reached skill level 4 in Armour
  1836 | D:3      | Noticed Grinder
  1836 | D:3      | Paralysed by Grinder for 4 turns
  1848 | D:3      | HP: 8/33 [Grinder (2)]
  1848 | D:3      | HP: 3/33 [frozen (5)]
  1849 | D:3      | Killed Grinder
  1849 | D:3      | Frozen to death by an endoplasm

Vanquished Creatures
  Grinder (D:3)
  An adder (D:2)
  A worm (D:2)
  A dart slug (D:2)
  An orc (D:2)
  4 endoplasms
  5 goblins
  2 hobgoblins (D:2)
  4 jackals (D:3)
  A quokka (D:2)
  6 ball pythons
  4 bats
  5 frilled lizards
  8 kobolds
  4 rats
48 creatures vanquished.

Table legend:
 A = Non-vault XP
 B = Vault XP
 C = Vault XP percentage of total XP
 D = Non-vault monster count
 E = Vault monster count
 F = Vault count percentage of total count
                 A         B        C        D         E       F
            +---------+---------+-------+---------+---------+-------
      Total |      78 |     270 |  77.6 |      41 |       7 |  14.6
            +---------+---------+-------+---------+---------+-------
        D:1 |      20 |       0 |   0.0 |      15 |       0 |   0.0
        D:2 |      45 |      12 |  21.1 |      19 |       6 |  24.0
        D:3 |      13 |     258 |  95.2 |       7 |       1 |  12.5
            +---------+---------+-------+---------+---------+-------

Skill      XL: |  1  2  3 |
---------------+----------+-----
Axes           | 3 |  3.6
Fighting       | 4 |  4.1
Throwing       | 1 |  1.2
Shields        | 4 |  4.0
Armour         | 4 |  4.0

Action                     || total
---------------------------++-------
  Melee: War axe           ||    90
         Headbutt          ||    11
 Armour: Scale mail        ||    11
         Chain mail        ||    50
  Dodge: Dodged            ||    30
  Block: Buckler           ||    21

Illustrated notes

Table legend:
 A = Kills in this place as a percentage of kills in the entire game.
 B = Kills by you in this place as a percentage of kills by you in the entire game.
 C = Kills by friends in this place as a percentage of kills by friends in the entire game.
 D = Other kills in this place as a percentage of other kills in the entire game.
 E = Experience gained in this place as a percentage of experience gained in the entire game.
 F = Experience gained in this place divided by the number of levels of this place that you have seen.
                   A       B       C       D       E      F
               +-------+-------+-------+-------+-------+----------------------
         Total | 100.0 | 100.0 |   N/A |   N/A | 100.0 | 116.0
       Dungeon | 100.0 | 100.0 |   N/A |   N/A | 100.0 | 116.0
               +-------+-------+-------+-------+-------+----------------------

Table legend: (Time is in decaauts)
 A = Elapsed time spent in this place.
 B = Non-inter-level travel time spent in this place.
 C = Inter-level travel time spent in this place.
 D = Time resting spent in this place.
 E = Time spent auto-exploring this place.
 F = Levels seen in this place.
 G = Mean time per level.
                   A        B        C        D        E       F      G
               +--------+--------+--------+--------+--------+-----+--------+
         Total |   1881 |   1755 |    126 |      0 |   1484 |   3 |  627.0 |
       Dungeon |   1881 |   1755 |    126 |      0 |   1484 |   3 |  627.0 |
               +--------+--------+--------+--------+--------+-----+--------+

Top non-repeatable levels by time:
     D:2: 1168 daAuts
     D:1: 598 daAuts
     D:3: 114 daAuts
